 Dungeon Crawl Stone Soup version 0.24.0-10-g970556be89 (webtiles) character file.

Game seed: 3844663337240574019, levelgen mode: deterministic

1855 Lanoc the Covert (level 9, 0/61 HPs)
             Began as an Octopode Assassin on Nov 3, 2019.
             Was a Priest of Dithmenos.
             Slain by a wight
             ... wielding a +2 battleaxe of freezing
              (2 damage)
             ... on level 6 of the Dungeon.
             The game lasted 00:15:49 (6300 turns).

Lanoc the Covert (Octopode Assassin)                Turns: 6300, Time: 00:15:50

Health: 0/61       AC:  1    Str: 10    XL:     9   Next: 12%
Magic:  12/12      EV: 15    Int: 13    God:    Dithmenos [***...]
Gold:   246        SH:  0    Dex: 17    Spells: 8/8 levels left

rFire    . . .     SeeInvis .   a - +2 dagger
rCold    . . .     Gourm    .   (no shield)
rNeg     . . .     Faith    +   (helmet restricted)
rPois    .         Spirit   .   z - amulet of faith
rElec    .         Reflect  .   (no ring)
rCorr    .         Harm     .   (no ring)
MR       .....                  (no ring)
Stlth    +++++.....             (no ring)
HPRegen  0.20/turn              (no ring)
MPRegen  0.13/turn              (no ring)
                                (no ring)
                                (no ring)

@: silence, wreathed by umbra, drained
A: almost no armour, stealthy swim, amphibious, 8 rings, constrict 8, camouflage
1, gelatinous body 1
a: Renounce Religion


You were on level 6 of the Dungeon.
You worshipped Dithmenos.
Dithmenos was most pleased with you.
You were hungry.

You visited 2 branches of the dungeon, and saw 7 of its levels.

You collected 246 gold pieces.

Inventory:

Hand Weapons
 a - a +2 dagger (weapon)
 t - a +1 short sword of speed
Missiles
 b - 15 poisoned darts (quivered)
 c - 2 curare-tipped darts
Jewellery
 z - an amulet of faith (around mantle)
Wands
 u - a wand of random effects (15)
Scrolls
 f - a scroll of blinking {unknown}
 g - a scroll of noise {unknown}
 h - 5 scrolls of remove curse
 j - 2 scrolls of fear
 k - a scroll of fog {unknown}
 n - 4 scrolls of immolation
 o - 2 scrolls of amnesia {unknown}
 s - 2 scrolls of enchant weapon
 v - 2 scrolls of silence
 w - a scroll of teleportation {unknown}
 y - a scroll of vulnerability {unknown}
 A - a scroll of random uselessness {unknown}
 D - a scroll of identify
Potions
 e - 3 potions of heal wounds
 i - a potion of might {unknown}
 l - a potion of agility
 m - a potion of curing
 p - a potion of brilliance
 q - 2 potions of ambrosia
 r - a potion of flight
 x - a potion of resistance {unknown}
 B - a potion of mutation {unknown}
Comestibles
 d - 12 rations


   Skills:
 + Level 5.0(4.2) Fighting
 * Level 6.9(6.0) Short Blades
 - Level 2.0(1.2) Throwing
 + Level 4.6(3.8) Dodging
 + Level 8.5(7.6) Stealth
 * Level 5.0(4.2) Invocations


You had 8 spell levels left.
You didn't know any spells.
Your spell library was empty.

Dungeon Overview and Level Annotations

Branches:
Dungeon (6/15)             Temple (1/1) D:6

Altars:
Ashenzari
Dithmenos
Gozag
Kikubaaqudgha
Ru
Vehumet
The Shining One


Innate Abilities, Weirdness & Mutations

You cannot wear most types of armour.
You are very stealthy in the water. (Stealth+)
You are amphibious.
You can wear up to eight rings at the same time.
You can use your tentacles to constrict eight enemies at once.
Your skin changes colour to match your surroundings (Stealth+).
Your rubbery body absorbs attacks. (AC +1, EV +1)


Message History

You constrict the wight, but do no damage.
You release your grip on the wight.
You hit the wight but do no damage. Your grab misses the wight.
The wight hits you with a +2 battleaxe of freezing!
The wight freezes you!
You are too injured to fight recklessly!
As you read the scroll labeled GAWERPH UTSE, it crumbles to dust.
You assume a fearsome visage.
The wight is unaffected. x3
It was a scroll of fear.
There is an open door here.
As you read the scroll labeled KIKLIMAHUP, it crumbles to dust.
A profound silence engulfs you.
It was a scroll of silence.
The wight hits you with a +2 battleaxe of freezing!!
* * * LOW HITPOINT WARNING * * *
You feel drained.
* * * LOW HITPOINT WARNING * * *
The wight freezes you!
* * * LOW HITPOINT WARNING * * *
The wight hits you with a +2 battleaxe of freezing.
You die...

......#.......#......#.....##....
......#.......#...........#######
......#.......#........⌠..#
......#..†....#...........##
......#.......#......#.....##
......#.......#......##.....#
......#.......#......##..>..#
...z..#.......#......##.....#
......#.......#.@....###...##
......#.......#.z....<######
......#.......#.z.....#
......####'####.......#
...........z..z.......#
######................#
#.........######## #.........#
#.........#


You could see 3 wights.

Vanquished Creatures
  Sigmund (D:6)
  A water moccasin (D:5)
  A phantom (D:4)
  5 ogres
  A centaur (D:5)
  A bullfrog (D:6)
  A scorpion (D:4)
  2 howler monkeys (D:5)
  2 wights (D:5)
  A bullfrog zombie (D:5)
  2 orc priests
  2 orc wizards (D:4)
  A bullfrog skeleton (D:5)
  7 worker ants
  A killer bee zombie (D:5)
  2 hound skeletons
  A howler monkey skeleton (D:4)
  11 gnolls
  10 adders
  An adder skeleton (D:6)
  3 worms
  3 dart slugs (D:1)
  8 leopard geckos
  22 orcs
  A giant cockroach (D:1)
  7 goblins
  7 hobgoblins
  7 jackals
  8 quokkas
  A ball python (D:5)
  7 bats
  2 frilled lizards
  A jackal skeleton (D:3)
  5 kobolds
  2 leopard gecko skeletons (D:4)
  2 rats
140 creatures vanquished.

Notes
Turn   | Place    | Note
-------+----------+-------------------------------------------
     0 | D:1      | Lanoc the Octopode Assassin began the quest for the Orb.
     0 | D:1      | Reached XP level 1. HP: 14/14 MP: 1/1
    86 | D:1      | Reached XP level 2. HP: 11/19 MP: 2/2
   320 | D:2      | Reached XP level 3. HP: 22/25 MP: 3/3
   446 | D:2      | Found a shadowy altar of Dithmenos.
   447 | D:2      | Found a radiant altar of Vehumet.
   453 | D:2      | Became a worshipper of Dithmenos the Shadowed
  1138 | D:1      | Reached XP level 4. HP: 22/30 MP: 4/4
  1500 | D:2      | Found an ancient bone altar of Kikubaaqudgha.
  1753 | D:3      | Reached * piety under Dithmenos
  1808 | D:3      | Reached skill level 6 in Stealth
  2103 | D:3      | Reached XP level 5. HP: 20/36 MP: 5/5
  2761 | D:3      | Found a glowing golden altar of the Shining One.
  2934 | D:3      | Reached XP level 6. HP: 11/42 MP: 6/6
  3563 | D:4      | Found an opulent altar of Gozag.
  3602 | D:4      | Reached XP level 7. HP: 47/47 MP: 7/7
  3644 | D:4      | Reached skill level 7 in Stealth
  3655 | D:4      | Reached ** piety under Dithmenos
  3667 | D:4      | Reached skill level 5 in Short Blades
  3774 | D:4      | Reached skill level 1 in Invocations
  4844 | D:5      | Entered Level 5 of the Dungeon
  4878 | D:5      | Reached XP level 8. HP: 50/54 MP: 9/9
  5089 | D:5      | Reached *** piety under Dithmenos
  5089 | D:5      | Reached skill level 8 in Stealth
  5413 | D:5      | Found a shattered altar of Ashenzari.
  5437 | D:5      | Found a sacrificial altar of Ru.
  5531 | D:6      | Found a faded altar of an unknown god.
  5724 | D:6      | Found a staircase to the Ecumenical Temple.
  5733 | Temple   | Entered the Ecumenical Temple
  5894 | D:6      | Noticed Sigmund
  5905 | D:6      | Killed Sigmund
  5905 | D:6      | Reached XP level 9. HP: 60/60 MP: 12/12
  6100 | D:5      | Reached skill level 5 in Fighting
  6256 | D:6      | Reached skill level 5 in Invocations
  6292 | D:6      | HP: 1/61 [wight/+2 battleaxe of freezing (9)]
  6300 | D:6      | Slain by a wight

Levels and vault maps discovered:
D:1:      eino_arrival_water_star, layout_loops_cross
D:2:      layout_rooms, gammafunk_temple_overflow_pools, kiku_gazebo_pond_becter
D:3:      minmay_inner_zag, layout_basic, lemuel_coloured_pillars_altar,
          first_ration, chequers_serial_rivers_marsh
D:4:      layout_basic, grunt_gozag_breadcrumbs, minmay_ruptured
D:5:      layout_loops_ring, kennysheep_mini, nicolae_ru_path_of_blood,
          kennysheep_generic_room_10
D:6:      layout_gridville, nicolae_temple_entry_ecumenical, uniq_sigmund
Temple:   jpeg_temple_clearing

Skill      XL: |  1  2  3  4  5  6  7  8  9 |
---------------+----------------------------+-----
Short Blades   | 3 4 5 6 |  6.9
Dodging        | 2 3 4 |  4.6
Stealth        | 6 7 8 |  8.5
Fighting       | 3 4 5 |  5.0
Invocations    | 2 4 5 |  5.0
Throwing       | |  2.0

Action                   |  1- 3 |  4- 6 |  7- 9 || total
-------------------------+-------+-------+-------++-------
Melee: Dagger            |    51 |    99 |   237 ||   387
       Constrict         |    10 |    26 |    40 ||    76
       Tentacles         |     6 |    22 |    47 ||    75
Throw: Dart              |     1 |    16 |     7 ||    24
  Use: Potion            |       |     2 |     2 ||     4
       Scroll            |       |       |     9 ||     9
 Stab: Sleeping          |     9 |    16 |    20 ||    45
       Distracted        |       |       |     1 ||     1
  Eat: Chunk             |       |     7 |     9 ||    16
Armor: Skin              |     2 |     5 |     3 ||    10
Dodge: Dodged            |    32 |    73 |   121 ||   226
